 Dungeon Crawl Stone Soup version 0.18-a0-1372-gd644665 (webtiles) character file.

95 M4edhros the Insei (level 4, -3/31 HPs)
             Began as an Octopode Monk on Feb 21, 2016.
             Slain by a sky beast (6 damage)
             ... on level 2 of the Dungeon.
             The game lasted 00:03:01 (1980 turns).

M4edhros the Insei (Octopode Monk)                  Turns: 1980, Time: 00:03:01

Health: -3/31      AC:  1    Str: 10    XL:     4   Next: 66%
Magic:  4/4        EV: 13    Int: 12    God:
Gold:   110        SH:  0    Dex: 15    Spells: 0 memorised, 3 levels left

rFire  . . .     SeeInvis .       - Unarmed
rCold  . . .     Gourm    .     (no shield)
rNeg   . . .     Faith    .     (helmet restricted)
rPois  .         Spirit   .     (no amulet)
rElec  .         Dismiss  .     (no ring)
rCorr  .         Reflect  .     (no ring)
SustAt .         Harm     .     (no ring)
MR     .....                    (no ring)
Stlth  ++++......               (no ring)
                                (no ring)
                                (no ring)
                                (no ring)

@: not resistant to hostile enchantments, stealthy
A: almost no armour, amphibious, 8 rings, constrict 8, camouflage 1, gelatinous
body 1
a: no special abilities


You were on level 2 of the Dungeon.
You were hungry.

You visited 1 branch of the dungeon, and saw 3 of its levels.

You collected 110 gold pieces.

Inventory:

Hand Weapons
 a - a +4 hunting sling
Missiles
 l - 10 sling bullets
 o - 5 stones (quivered)
Scrolls
 i - a scroll of blinking
 q - a scroll of identify {unknown}
Potions
 h - a potion of flight
Comestibles
 d - 2 beef jerkies
 f - a meat ration
 m - 3 bread rations


   Skills:
 - Level 3.0 Fighting
 + Level 1.5 Slings
 - Level 3.0 Dodging
 + Level 4.7 Stealth
 + Level 4.8 Unarmed Combat


You had 3 spell levels left.
You didn't know any spells.

Dungeon Overview and Level Annotations

Branches:
Dungeon (3/15)

Altars:
Dithmenos
Trog


Innate Abilities, Weirdness & Mutations

You cannot wear most types of armour.
You are amphibious.
You can wear up to eight rings at the same time.
You can use your tentacles to constrict eight enemies at once.
Your skin changes colour to match your surroundings (Stealth).
Your rubbery body absorbs attacks (AC +1).


Message History

The sky beast hits you. The sky beast shocks you.
The sky beast flickers out of sight!
Deactivating autopickup; reactivate with Ctrl-A.
There is an escape hatch in the ceiling here.
Something hits you. Something shocks you. A mysterious force pulls you upwards.
The hatch slams shut behind you.
Read which item? (? for menu, Esc to quit)
Okay, then.
Something hits you but does no damage. Something hits you.
Something shocks you.
* * * LOW HITPOINT WARNING * * *
A sky beast appears from thin air!
Reactivating autopickup.
You are feeling hungry.
The sky beast flickers out of sight!
Deactivating autopickup; reactivate with Ctrl-A.
Something hits you.
* * * LOW HITPOINT WARNING * * *
Something shocks you.
You die...

##.##.# #..#.# ##.#.# #.#.# #.#.#
############################.#.#
...............................#
#################...........#..##
#...........@................
#.......#####..............##
#.......# #..............#
###.......# #.........)....#
#.........# #.............>#
#._.......#####............#.#
#.........................##.#
###.......##########.#######.#
#.......# #.# #.#


There were no monsters in sight!

Vanquished Creatures
  3 adders
  8 orcs (D:3)
  7 bats
  6 giant cockroaches
  7 goblins
  6 hobgoblins
  4 jackals (D:1)
  6 kobolds
  2 quokkas
  A giant newt (D:2)
  5 rats
55 creatures vanquished.

Notes
Turn   | Place    | Note
--------------------------------------------------------------
     0 | D:1      | M4edhros the Octopode Monk began the quest for the Orb.
     0 | D:1      | Reached XP level 1. HP: 16/16 MP: 1/1
   179 | D:1      | Reached XP level 2. HP: 19/21 MP: 2/2
   780 | D:2      | Reached XP level 3. HP: 26/26 MP: 3/3
   788 | D:2      | Found a shadowy altar of Dithmenos.
  1307 | D:2      | Reached skill level 1 in Slings
  1307 | D:2      | Reached XP level 4. HP: 31/31 MP: 4/4
  1356 | D:2      | Found a bloodstained altar of Trog.
  1916 | D:3      | Noticed a sky beast
  1980 | D:2      | Slain by a sky beast

Vault maps used:
D:1:      dpeg_arrival_leaves_temple_mockup
D:2:      grunt_dithmenos_smoke_and_mirrors, bloody_trog, first_bread

Action                   |  1- 3 |  4- 6 || total
-------------------------+-------+-------++-------
Melee: Unarmed           |    66 |    18 ||    84
 Fire: Hunting sling     |       |    30 ||    30
  Use: Scroll            |     5 |     2 ||     7
       Potion            |       |     8 ||     8
 Stab: Sleeping          |    15 |     2 ||    17
  Eat: Chunk             |     1 |     2 ||     3
